 Dungeon Crawl Stone Soup version 0.24.1 (webtiles) character file.

Game seed: 10735700586828143481, levelgen mode: deterministic

50004 Peloso the Fencer (level 14, -8/127 HPs)
             Began as a Minotaur Fighter on Apr 7, 2020.
             Was a High Priest of Okawaru.
             Killed from afar by a lindwurm (34 damage)
             ... with a blast of flame
             ... summoned by Kirke
             ... on level 14 of the Dungeon.
             The game lasted 00:58:44 (19186 turns).

Peloso the Fencer (Minotaur Fighter)               Turns: 19186, Time: 00:58:44

Health: -8/127     AC:  0    Str: 25    XL:     14   Next: 18%
Magic:  15/15      EV: 16    Int:  5    God:    Okawaru [*****.]
Gold:   366        SH:  0    Dex: 11    Spells: 13/13 levels left

rFire    . . .     SeeInvis .   (weapon currently unavailable)
rCold    . . .     Gourm    +   (shield currently unavailable)
rNeg     . . .     Faith    .   (armour currently unavailable)
rPois    .         Spirit   .   (helmet currently unavailable)
rElec    .         Reflect  .   (cloak currently unavailable)
rCorr    .         Harm     .   (gloves currently unavailable)
MR       +....                  (boots currently unavailable)
Stlth    ++........             G - amulet of the gourmand
HPRegen  0.31/turn              (ring currently unavailable)
MPRegen  0.14/turn              (ring currently unavailable)

@: pig-form, slowed
A: small, (retaliatory headbutt)
a: Heroism, Finesse, Renounce Religion


You were on level 14 of the Dungeon.
You worshipped Okawaru.
Okawaru was extremely pleased with you.
You were very full.
You were a filthy swine.
You visited 4 branches of the dungeon, and saw 19 of its levels.
You also visited: Gauntlet.

You collected 2018 gold pieces.
You spent 1652 gold pieces at shops.

Inventory:

Hand Weapons
 a - a +2 scimitar of slicing (melded)
 b - the +8 short sword of Iwepsik {protect, -Tele rElec Str+4}
   (You found it on level 1 of the Lair of Beasts)

   It grants its wielder temporary protection when it strikes (+7 to AC).
   It affects your strength (+4).
   It insulates you from electricity.
   It prevents most forms of teleportation.
Armour
 c - a +1 shield
 r - a +0 pair of boots (melded)
 u - the +6 plate armour "Saakof" (melded) {-Cast Int+3 Dex+5}
   (You bought it in a shop on level 2 of the Orcish Mines)

   It affects your intelligence (+3).
   It affects your dexterity (+5).
   It prevents spellcasting.
 B - a +0 cloak of poison resistance (melded)
 H - the +2 pair of gloves of Utaum (melded) {rC- rCorr Int+8 Dex+2}
   (Okawaru gifted it to you on level 12 of the Dungeon)

   It affects your intelligence (+8).
   It affects your dexterity (+2).
   It makes you vulnerable to cold.
   It provides partial protection from all sources of acid and corrosion.
 J - a +1 hat (melded)
 W - a scarf of resistance
 X - the +2 shield of Resistance (melded) {rF+ rC+ MR+}
   (You bought it in a shop on level 2 of the Orcish Mines)

   It protects you from fire.
   It protects you from cold.
   It affects your resistance to hostile enchantments.
Jewellery
 d - a +3 amulet of reflection {unknown}
 k - an uncursed ring of poison resistance {unknown}
 p - an uncursed ring of protection from cold
 s - the ring "Uroecior" {*Slow rPois Int+4 SInv}
   (You found it in a Gauntlet)

   [ring of poison resistance]

   It affects your intelligence (+4).
   It protects you from poison.
   It lets you see invisible.
   It may slow you when you take damage.
 w - an uncursed ring of protection from fire
 A - the ring of Qiompo Totzu (melded) {rF+ Dex+5 Slay+3}
   (You found it in a Gauntlet)

   [ring of protection from fire]

   It affects your dexterity (+5).
   It affects your accuracy and damage with ranged weapons and melee attacks
   (+3).
   It protects you from fire.
 G - an amulet of the gourmand (around neck)
 L - an uncursed ring of resist corrosion
 M - the ring of Music (melded) {*Corrode rElec MR+ Dex+7}
   (You found it on level 8 of the Dungeon)

   [ring of protection from magic]

   It affects your dexterity (+7).
   It insulates you from electricity.
   It affects your resistance to hostile enchantments.
   It may corrode you when you take damage.
 P - an uncursed ring of protection from magic
Wands
 y - a wand of digging (4)
 I - a wand of polymorph (9)
 N - a wand of acid (5)
 O - a wand of flame (20)
 Q - a wand of enslavement (4)
Scrolls
 g - 4 scrolls of teleportation
 i - 2 scrolls of identify
 m - 6 scrolls of remove curse
 q - 3 scrolls of magic mapping
 D - a scroll of blinking
 K - 3 scrolls of fear
 R - a scroll of fog
 S - a scroll of noise
Potions
 e - 6 potions of curing
 j - a potion of flight
 l - a potion of berserk rage
 t - a potion of brilliance
 x - 2 potions of magic
 z - 2 potions of resistance
 E - 4 potions of agility
 F - 2 potions of might
Miscellaneous
 o - a fan of gales
 T - a phantom mirror
 U - 2 sacks of spiders
Comestibles
 f - 27 rations


   Skills:
 + Level 12.5 Fighting
 + Level 16.0 Long Blades
 + Level 13.3 Armour
 + Level 5.2 Dodging
 + Level 1.8 Stealth
 + Level 15.0 Shields
 + Level 3.4 Invocations
 + Level 0.4 Evocations


You had 13 spell levels left.
You didn't know any spells.
Your spell library contained the following spells:

 Spells                   Type           Power        Failure   Level  Hunger
 Animate Skeleton         Necr           N/A          47%         1    ##.....
 Corona                   Hex            #......      47%         1    ##.....
 Pain                     Necr           #...         47%         1    ##.....
 Sandblast                Erth           #.....       47%         1    ##.....
 Passwall                 Tmut/Erth      #.......     63%         2    ###....
 Slow                     Hex            #.......     63%         2    ###....
 Swiftness                Chrm/Air       #.......     63%         2    ###....
 Inner Flame              Hex/Fire       #.......     85%         3    ####...
 Portal Projectile        Hex/Tloc       #.....       85%         3    ####...
 Regeneration             Chrm/Necr      #.........   85%         3    ####...
 Stone Arrow              Conj/Erth      #.....       85%         3    ####...
 Vampiric Draining        Necr           #.........   85%         3    ####...
 Animate Dead             Necr           N/A          99%         4    #####..
 Cause Fear               Hex            #.........   99%         4    #####..
 Leda's Liquefaction      Hex/Erth       #.........   99%         4    #####..
 Passage of Golubria      Tloc           N/A          99%         4    #####..
 Petrify                  Tmut/Erth      #.......     99%         4    #####..
 Lee's Rapid Deconstruct  Erth           #.........   100%        5    ######.
 Darkness                 Hex            #.........   100%        6    #######
 Invisibility             Hex            #.......     100%        6    #######


Dungeon Overview and Level Annotations

Branches:
Dungeon (14/15)            Temple (1/1) D:7            Lair (2/6) D:9
    Orc (2/2) D:11            Elf (0/3) Orc:2        Vaults (0/5) D:13
Gauntlet (visited)
  Swamp: Lair:2-4    Shoals: Lair:2-4     Snake: Lair:2-4    Spider: Lair:2-4

Altars:
Ashenzari
Cheibriados
Fedhas
Gozag
Makhleb
Okawaru
Ru
Sif Muna
Trog
Xom
Yredelemnul
The Shining One

Shops:
D:11 :   Orc:2 ::*[(

Annotations:
D:12 2 transporters, Resicoq's ghost, journeyman DgGl
D:14 Kirke


Innate Abilities, Weirdness & Mutations

((You reflexively headbutt those who attack you in melee.))
((You have a pair of horns on your head.))


Message History

The ring of Music {*Corrode rElec MR+ Dex+7} melds into your body.
The ring of Qiompo Totzu {rF+ Dex+5 Slay+3} melds into your body.
You no longer feel resistant to poison.
The lindwurm barely misses you. The lindwurm completely misses you.
The lindwurm claws you!
You closely miss Kirke.
Kirke is severely wounded.
The hog misses you. Kirke gestures at you while chanting.
You feel yourself slow down. The hog bites you.
Unknown command.
The lindwurm barely misses you. The lindwurm claws you. The lindwurm claws you!
* * * LOW HITPOINT WARNING * * *
The hog bites you!
* * * LOW HITPOINT WARNING * * *
Kirke says, "Odis was a nice man, you're awful."
Kirke points at you and mumbles some strange words.
You feel a momentary urge to oink. The lindwurm breathes flames at you.
The blast of flame hits you!!
You die...

#......# ...
#.######+###....
#...............
#...............
#.†.:...........
##...............
..........k........
..........@h......).
+###........h.......
#...>............
#........<......#
#.....#########.#
#..... # #..... ....


You could see Kirke, a lindwurm and a hog.

Vanquished Creatures
  Gastronok (D:11)
  Roxanne (D:14)
  An orc warlord (Orc:2)
  A minotaur (Gauntlet)
  Josephine (D:11)
  Harold (D:7)
  7 vault guards (D:13)
  An ogre mage (Orc:1)
  6 two-headed ogres
  3 orc high priests (Orc:2)
  4 unseen horrors
  3 orc knights (Orc:2)
  An oklob plant (Gauntlet)
  5 orc sorcerers (Orc:2)
  2 manticores (D:12)
  5 ugly things
  A deep elf mage (D:12)
  Maurice (D:8)
  3 centaur zombies
  3 gargoyles
  5 spiny frogs
  A komodo dragon (Lair:1)
  A rime drake (Lair:1)
  A queen bee (Lair:1)
  5 trolls
  2 raiju (Gauntlet)
  8 blink frogs (Lair:1)
  Prince Ribbit (D:8)
  4 slime creatures (D:12)
  3 hippogriffs
  2 shadows
  Sigmund (D:5)
  A spriggan (D:9)
  3 yaks (D:11)
  A vampire (D:13)
  2 hogs (D:14)
  5 wraiths
  A hungry ghost (D:8)
  A steam dragon (Gauntlet)
  4 vampire mosquitoes (D:13)
  An acid dragon (Gauntlet)
  A soldier ant (D:12)
  A warg (Orc:2)
  4 water moccasins
  Duvessa (D:7)
  3 porcupines
  5 sky beasts
  22 orc warriors
  An ice beast (D:6)
  A hornet zombie (D:13)
  4 phantoms
  19 ogres
  14 centaurs
  2 big kobolds
  3 crocodiles
  7 bullfrogs
  A gnoll sergeant (D:12)
  A water moccasin zombie (D:8)
  Dowan (D:7)
  35 killer bees
  3 scorpions
  3 howler monkeys
  6 crimson imps
  A bullfrog zombie (D:13)
  4 jellies
  A centaur skeleton (D:10)
  3 hounds
  17 orc priests
  20 orc wizards
  2 bullfrog skeletons
  A gnoll shaman (D:8)
  Ijyb (D:5)
  7 iguanas
  A lightning spire (Gauntlet)
  8 worker ants
  A hound zombie (D:10)
  16 gnolls
  11 adders
  2 oozes
  2 adder skeletons
  2 worms
  3 dart slugs
  9 leopard geckos
  60 orcs
  7 ball pythons
  13 bats
  2 giant cockroaches
  11 goblins
  10 hobgoblins
  6 jackals
  6 quokkas
  3 frilled lizards
  A jackal skeleton (D:6)
  A jackal zombie (D:7)
  19 kobolds
  A leopard gecko skeleton (D:4)
  9 rats
  A fungus (Lair:1)
  3 plants
507 creatures vanquished.

Vanquished Creatures (others)
  2 orc wizards (Orc:2)
  A bush (Lair:1)
3 creatures vanquished.

Grand Total: 510 creatures vanquished

Notes
Turn   | Place    | Note
-------+----------+-------------------------------------------
     0 | D:1      | Peloso the Minotaur Fighter began the quest for the Orb.
     0 | D:1      | Reached XP level 1. HP: 19/19 MP: 0/0
   139 | D:1      | Reached XP level 2. HP: 18/27 MP: 1/1
   331 | D:1      | Reached skill level 3 in Long Blades
   447 | D:1      | Reached XP level 3. HP: 22/33 MP: 2/2
   879 | D:2      | Reached skill level 1 in Dodging
   899 | D:2      | Reached XP level 4. HP: 40/40 MP: 3/3
  1368 | D:2      | Found a sacrificial altar of Ru.
  1659 | D:3      | Reached skill level 4 in Long Blades
  1659 | D:3      | Reached XP level 5. HP: 33/46 MP: 4/4
  1869 | D:3      | Found a bloodstained altar of Trog.
  2535 | D:4      | Reached skill level 5 in Armour
  2551 | D:4      | Found a burning altar of Makhleb.
  2552 | D:4      | Found a shimmering altar of Xom.
  2564 | D:4      | Reached skill level 5 in Long Blades
  2602 | D:4      | Reached XP level 6. HP: 50/52 MP: 5/5
  2630 | D:4      | Reached skill level 5 in Shields
  2675 | D:4      | Reached skill level 6 in Long Blades
  2915 | D:5      | Entered Level 5 of the Dungeon
  2915 | D:5      | Noticed a sky beast
  2932 | D:5      | Killed a sky beast
  2932 | D:5      | Reached XP level 7. HP: 45/60 MP: 6/6
  3066 | D:5      | Got a shimmering spear
  3067 | D:5      | Identified the cursed +0 spear of the Crawling Thing
                  | {freeze, Int+2 SInv} (You found it on level 5 of the
                  | Dungeon)
  3103 | D:5      | Reached skill level 7 in Long Blades
  3342 | D:5      | Found a bloodstained altar of Trog.
  3770 | D:5      | Noticed Sigmund
  3791 | D:5      | Killed Sigmund
  3791 | D:5      | Reached XP level 8. HP: 50/67 MP: 7/7
  3895 | D:5      | Noticed Ijyb
  3899 | D:5      | Reached skill level 5 in Fighting
  3904 | D:5      | Killed Ijyb
  4186 | D:6      | Reached skill level 8 in Long Blades
  4915 | D:7      | Found a staircase to the Ecumenical Temple.
  4933 | Temple   | Entered the Ecumenical Temple
  4949 | Temple   | Became a worshipper of Warmaster Okawaru
  4979 | D:7      | Noticed Harold
  4992 | D:7      | Killed Harold
  4992 | D:7      | Reached * piety under Okawaru
  4992 | D:7      | Reached skill level 9 in Long Blades
  4992 | D:7      | Reached XP level 9. HP: 43/75 MP: 8/8
  5016 | D:7      | Noticed Duvessa
  5020 | D:7      | Noticed Dowan
  5021 | D:7      | Killed Duvessa
  5034 | D:7      | Killed Dowan
  5094 | D:7      | Reached skill level 10 in Long Blades
  5371 | D:7      | Found a shattered altar of Ashenzari.
  5636 | D:7      | Found an opulent altar of Gozag.
  5695 | D:7      | Found a shimmering blue altar of Sif Muna.
  5698 | D:7      | Found a snail-covered altar of Cheibriados.
  5836 | D:8      | Noticed a two-headed ogre
  5864 | D:8      | Killed a two-headed ogre
  5864 | D:8      | Reached ** piety under Okawaru
  6063 | D:8      | Reached XP level 10. HP: 38/84 MP: 9/9
  6137 | D:8      | Noticed Prince Ribbit
  6148 | D:8      | Killed Prince Ribbit
  6164 | D:8      | Reached skill level 11 in Long Blades
  6769 | D:8      | Noticed Maurice
  6804 | D:8      | Killed Maurice
  6804 | D:8      | Reached *** piety under Okawaru
  7558 | D:9      | Noticed a gargoyle
  7947 | D:10     | Entered Level 10 of the Dungeon
  7984 | D:10     | Reached skill level 10 in Armour
  8396 | D:10     | Reached **** piety under Okawaru
  8999 | D:11     | Noticed Josephine
  9011 | D:11     | Killed Josephine
  9011 | D:11     | Reached skill level 10 in Shields
  9011 | D:11     | Reached XP level 11. HP: 48/94 MP: 10/10
  9294 | D:11     | Noticed Gastronok
  9463 | D:11     | Killed Gastronok
  9463 | D:11     | Reached ***** piety under Okawaru
  9463 | D:11     | Reached skill level 12 in Long Blades
  9463 | D:11     | Reached skill level 1 in Invocations
  9545 | D:11     | You fall into a shaft and drop 1 floor!
  9548 | D:12     | Noticed a brown ugly thing
  9563 | D:12     | Killed a brown ugly thing
  9837 | D:12     | Noticed a deep elf mage
  9852 | D:12     | Noticed a white ugly thing
  9889 | D:12     | Killed a white ugly thing
  9893 | D:12     | Noticed a two-headed ogre
  9909 | D:12     | Killed a two-headed ogre
 10099 | D:12     | Noticed Resicoq's ghost (journeyman DgGl)
 10138 | D:12     | Found a transporter.
 10156 | D:12     | Reached skill level 13 in Long Blades
 10158 | D:12     | Found a transporter.
 10199 | D:12     | Received a gift from Okawaru
 10204 | D:12     | Got a pair of faintly glowing gloves {god gift}
 10210 | D:12     | Identified the +2 pair of gloves of Utaum {rC- rCorr Int+8
                  | Dex+2} (Okawaru gifted it to you on level 12 of the
                  | Dungeon)
 10304 | D:12     | Killed a deep elf mage
 10311 | D:12     | Noticed a purple ugly thing
 10331 | D:12     | Killed an unseen horror
 10340 | D:12     | Killed a purple ugly thing
 10340 | D:12     | Reached skill level 1 in Stealth
 10694 | D:12     | Reached XP level 12. HP: 106/106 MP: 12/12
 10842 | D:12     | Noticed an eight-headed hydra
 10865 | D:11     | Noticed a two-headed ogre
 10870 | D:11     | Killed a two-headed ogre
 11084 | D:8      | Got a clouded iron ring
 11086 | D:8      | Identified the ring of Music {*Corrode rElec MR+ Dex+7}
                  | (You found it on level 8 of the Dungeon)
 11139 | D:9      | Found a blossoming altar of Fedhas.
 11353 | D:9      | Found a staircase to the Lair.
 11972 | D:10     | Reached skill level 10 in Fighting
 12316 | D:11     | Found Daovas's Book Shoppe.
 12341 | D:11     | Found a staircase to the Orcish Mines.
 12372 | D:11     | Reached skill level 14 in Long Blades
 13245 | Lair:1   | Entered Level 1 of the Lair of Beasts
 13891 | Lair:1   | Received a gift from Okawaru
 13973 | Lair:1   | Got a slimy hat {god gift}
 13984 | Lair:1   | Identified the +1 hat of Baosewun {Int+3 Stlth+} (Okawaru
                  | gifted it to you on level 1 of the Lair of Beasts)
 14235 | Lair:1   | Got a faintly glowing short sword
 14236 | Lair:1   | Identified the +8 short sword of Iwepsik {protect, -Tele
                  | rElec Str+4} (You found it on level 1 of the Lair of
                  | Beasts)
 14271 | Lair:1   | You fall into a shaft and drop 1 floor!
 14743 | Lair:2   | Noticed a six-headed hydra
 14856 | Orc:1    | Entered Level 1 of the Orcish Mines
 15133 | Orc:2    | Entered Level 2 of the Orcish Mines
 15146 | Orc:2    | Found a gate leading to a gauntlet.
 15146 | Orc:2    | Found a staircase to the Elven Halls.
 15166 | Orc:2    | Reached XP level 13. HP: 71/116 MP: 10/13
 15186 | Gauntlet | Entered a Gauntlet
 15186 | Gauntlet | Found a transporter.
 15186 | Gauntlet | Found a transporter.
 15186 | Gauntlet | Found a runed translucent door.
 15188 | Gauntlet | Found a transporter.
 15190 | Gauntlet | Found a runed translucent door.
 15191 | Gauntlet | Found a transporter.
 15192 | Gauntlet | Found a transporter.
 15192 | Gauntlet | Found a transporter.
 15233 | Gauntlet | Found a transporter.
 15236 | Gauntlet | Found a transporter.
 15245 | Gauntlet | Found a runed translucent gate.
 15245 | Gauntlet | Found a runed translucent gate.
 15249 | Gauntlet | Found a runed translucent gate.
 15249 | Gauntlet | Found a transporter.
 15265 | Gauntlet | Found a transporter.
 15290 | Gauntlet | Found a transporter.
 15291 | Gauntlet | Found a transporter.
 15522 | Gauntlet | Got a brightly glowing ivory ring
 15524 | Gauntlet | Identified the ring "Uroecior" {*Slow rPois Int+4 SInv}
                  | (You found it in a Gauntlet)
 15566 | Gauntlet | Got a twitching marble ring
 15571 | Gauntlet | Identified the ring of Qiompo Totzu {rF+ Dex+5 Slay+3} (You
                  | found it in a Gauntlet)
 15625 | Gauntlet | Noticed a minotaur
 15641 | Gauntlet | Killed a minotaur
 15641 | Gauntlet | Reached skill level 15 in Long Blades
 16358 | Orc:2    | Found Foaghib's Book Emporium.
 16482 | Orc:2    | Reached skill level 5 in Dodging
 16493 | Orc:2    | Noticed an orc warlord
 16519 | Orc:2    | Killed an orc warlord
 17331 | Orc:2    | Paralysed by an orc sorcerer for 5 turns
 17607 | Orc:2    | Found Yczastuo's Antique Armour Shop.
 17607 | Orc:2    | Found Lonarel's General Store.
 17607 | Orc:2    | Found Pilonoz's Antique Weapon Boutique.
 17607 | Orc:2    | Found Atru Ihapax's Book Shop.
 18188 | Orc:1    | Received a gift from Okawaru
 18414 | Orc:2    | Bought a transparent plate armour for 1036 gold pieces
 18426 | Orc:2    | Identified the +6 plate armour "Saakof" {-Cast Int+3 Dex+5}
                  | (You bought it in a shop on level 2 of the Orcish Mines)
 18436 | Orc:2    | Bought the +2 shield of Resistance {rF+ rC+ MR+} for 616
                  | gold pieces
 18436 | Orc:2    | Found the +2 shield of Resistance {rF+ rC+ MR+}
 18755 | D:13     | Reached XP level 14. HP: 121/126 MP: 15/15
 18896 | D:13     | Found a gate to the Vaults.
 19153 | D:14     | Identified Roxanne's Grimoire of the Rocks
 19153 | D:14     | Noticed Roxanne
 19155 | D:14     | Noticed Kirke
 19174 | D:14     | Reached skill level 15 in Shields
 19175 | D:14     | Killed Roxanne
 19175 | D:14     | Reached skill level 16 in Long Blades
 19186 | D:14     | Killed from afar by a lindwurm

Levels and vault maps discovered:
D:1:      scummos_arrival_simple_fountains, layout_loops_ring, fountainhead,
          st_stairs_4, serial_bayou_pond_e
D:2:      layout_basic, marbit_many_paths
D:3:      layout_loops_corners, lemuel_doored_altar
D:4:      layout_basic, grunt_temple_overflow_champion_of_chaos,
          nicolae_overflow_hidden_temple, first_ration
D:5:      layout_basic, basic_altar, uniq_ijyb, uniq_sigmund
D:6:      layout_loops_cross, kennysheep_big_empty_room
D:7:      layout_loops_ring, kennysheep_mini_moat,
          nicolae_overflow_crystal_walls, minitemple, minmay_temple_entry_glass,
          uniq_harold, uniq_duvessa
D:8:      minmay_weird_star, layout_basic, uniq_prince_ribbit1, uniq_maurice
D:9:      layout_rooms, lair_entry_dummy, basic_altar, the_bakery,
          serial_bayou_lagoon_a, hangedman_abyss_or_decor_slice
D:10:     layout_layer_cave
D:11:     layout_loops_ring, orc_0_dummy, serial_shops,
          nicolae_shop_behind_doors, uniq_josephine, uniq_gastronok
D:12:     layout_loops_ring, gammafunk_ghost_stat_death
D:13:     layout_rooms, erik_vaults_2, grunt_ministairs_1
D:14:     layout_irregular_city, dk_noncrumbling_4, serial_shops,
          nicolae_shop_temple_entry_statues_fountains, uniq_roxanne, uniq_kirke
Temple:   oiseaux_autumnal_temple
Lair:1:   layout_roguey [special_room_bee]
Lair:2:   layout_misc_corridors, infiniplex_staircase_pool_2, grunt_megastairs_3
Orc:1:    layout_diamond_mine
Orc:2:    st_orc_congregation, layout_caves, serial_shops, shop,
          gauntlet_entry_generic

Skill      XL: |  1  2  3  4  5  6  7  8  9 10 11 12 13 14 |
---------------+-------------------------------------------+-----
Long Blades    | 3 4 5 6 7 9 10 11 13 14 15 16 | 16.0
Armour         | 4 5 6 8 9 10 11 12 13 | 13.3
Shields        | 4 5 6 7 8 10 11 12 14 15 | 15.0
Fighting       | 4 5 6 8 9 11 12 | 12.5
Dodging        | 1 3 4 5 |  5.2
Invocations    | 2 3 |  3.4
Stealth        | 1 |  1.8
Evocations     | |  0.4

Action                   |  1- 3 |  4- 6 |  7- 9 | 10-12 | 13-15 || total
-------------------------+-------+-------+-------+-------+-------++-------
Melee: Long sword        |   109 |   153 |   252 |   920 |   135 ||  1569
       Headbutt          |    10 |    29 |    56 |   286 |   171 ||   552
       Scimitar          |       |       |       |       |   285 ||   285
       Unarmed           |       |       |       |       |     1 ||     1
Invok: Heroism           |       |       |     2 |    27 |    15 ||    44
       Finesse           |       |       |       |       |     1 ||     1
Evoke: Wand              |       |       |       |     6 |     1 ||     7
  Use: Potion            |       |     4 |     3 |     5 |       ||    12
       Scroll            |       |     8 |     4 |    13 |     4 ||    29
  Eat: Chunk             |       |     6 |    11 |    25 |    17 ||    59
       Ration            |       |       |       |     2 |     1 ||     3
Armor: Scale mail        |    69 |    70 |    25 |       |       ||   164
       Chain mail        |       |       |    58 |   311 |       ||   369
       Plate armour      |       |       |       |    17 |   135 ||   152
Dodge: Dodged            |    33 |    51 |    70 |   296 |   129 ||   579
Block: Shield            |    80 |    91 |   166 |   621 |   359 ||  1317
       Rpst.: Long sword |     9 |    15 |    16 |    70 |     7 ||   117
       Scimitar          |       |       |       |       |    17 ||    17
